cohdb
Replays
Latest Replays
All Replays
Popular Replays
Top Player Replays
Match Explorer
How It Works
Community
CoH3 Stats
Reddit
Sign in to upload your games and track your stats! →
Sign in with Steam
Match 42045606
Unlisted
Match 42045606
Overview
Messages
Build Orders
End
Vickers Machine Gun Team
Construct Section Command Post
Selects Air and Sea Battlegroup
Dingo Light Scout Car
Infantry Section
Infantry Section
Construct Platoon Command Post
Selects Supply Surplus
Construct Field Infirmary
Forward Retreat Point
Unlock M3 Stuart Light Tanks
M3 Stuart Light Tank
M3 Stuart Light Tank
Selects UNKNOWN (223837)
Light Vehicle Training
M3 Stuart Light Tank
Grenade Package
Infantry Section
Construct Company Command Post
UMirinBrah?
Tirant
Dark Angels
Clara
ashilrye
聽取蛙聲一片
IIIIIIIIIIIIIIIIIIIIIIIIIIII
PHONEOMTOIN
0
0
Comments
sign in to comment!
No comments posted yet!